 Dungeon Crawl Stone Soup version 0.30.1-4-g462c640d31 (webtiles) character file.

Game seed: 16632927299961073050

94 EWolf27 the Sneak (level 4, -5/31 HPs)
             Began as a Vampire Enchanter on Aug 11, 2023.
             Slain by Crazy Yiuf
             ... wielding a +4 quarterstaff of chaos
              (16 damage)
             ... on level 2 of the Dungeon.
             The game lasted 00:08:21 (1929 turns).

EWolf27 the Sneak (Vampire Enchanter)               Turns: 1929, Time: 00:08:21

Health: -5/31      AC:  4    Str:  7    XL:     4   Next: 38%
Magic:  1/7        EV: 13    Int: 19    God:
Gold:   79         SH:  0    Dex: 14    Spells: 2/7 levels left

rFire   . . .        a - +1 dagger
rCold   . . .        (no shield)
rNeg    . . .        l - +2 robe {Will+}
rPois   .            (no helmet)
rElec   .            (no cloak)
rCorr   .            (no gloves)
SInv    +            (no boots)
Will    +....        (no amulet)
Stlth   +++          (no ring)
HPRegen 0.45/turn    (no ring)
MPRegen 0.10/turn

%: no passive effects
@: healing quickly
A: alive, fangs 3, see invisible, vampiric 2
a: Exsanguinate


You were on level 2 of the Dungeon.
You visited 1 branch of the dungeon, and saw 2 of its levels.

You collected 79 gold pieces.

Inventory:

Hand Weapons
 a - a +1 dagger (weapon)
Armour
 g - a +0 leather armour
 l - a +2 robe of willpower (worn)
Scrolls
 d - a scroll of amnesia {unknown}
 h - a scroll of teleportation {unknown}
 i - a scroll of identify {unknown}
 k - a scroll of poison {unknown}
 m - a scroll of magic mapping {unknown}
Potions
 b - a potion of ambrosia {unknown}
 c - 2 potions of invisibility
 e - a potion of berserk rage {unknown}
 f - 3 potions of curing {unknown}
 j - a potion of heal wounds {unknown}


   Skills:
 + Level 0.3 Fighting
 - Level 1.1 Short Blades
 + Level 2.9 Dodging
 + Level 5.7 Stealth
 + Level 2.4 Spellcasting
 + Level 5.2 Hexes
 * Level 1.1 Ice Magic


You had 2 spell levels left.
You knew the following spells:

 Your Spells              Type           Power      Damage    Failure   Level
a - Ensorcelled Hibernat  Hex/Ice        28%        N/A       7%          2
b - Confusing Touch       Hex            22%        N/A       5%          3

Your spell library contained the following spells:

 Spells                   Type           Power      Damage    Failure   Level
 Summon Small Mammal      Summ           8%         N/A       16%         1
 Passwall                 Tmut/Erth      1%         N/A       24%         2
 Static Discharge         Conj/Air       4%         2-3/arc   24%         2
 Tukima's Dance           Hex            22%        N/A       5%          3
 Dazzling Flash           Conj/Hex       24%        N/A       17%         3
 Swiftness                Air            2%         N/A       43%         3
 Airstrike                Air            1%         2d(1-17)  85%         4
 Summon Lightning Spire   Summ/Air       2%         N/A       85%         4
 Summon Hydra             Summ           1%         N/A       100%        7
 Polar Vortex             Ice            3%         N/A       100%        9


Dungeon Overview and Level Annotations

Branches:
Dungeon (2/15)

Altars:

Annotations:
D:2 Crazy Yiuf


Innate Abilities, Weirdness & Mutations

Your natural rate of healing is accelerated.
You have razor-sharp teeth.
You have supernaturally acute eyesight. (SInv)
You are afflicted with vampirism and can become a bat while bloodless.


Message History

an adder corpse; a dart slug corpse
There is an open door here.
You see here a +0 club.
You see here a +0 leather armour.
Found a hammer.
Found a runed translucent door.
As you open the door, it creaks loudly!
Crazy Yiuf shouts!
Casting: Ensorcelled Hibernation (safe; 7% risk of failure)
Confirm with . or Enter, or press ? or * to list all spells.
Aiming: Ensorcelled Hibernation (safe; 7% risk of failure)
Press: ? - help, Shift-Dir - straight line, f - Crazy Yiuf
Aim: Crazy Yiuf, wielding a +4 quarterstaff of chaos and wearing a +0 cloak (chance to affect: 56%) Crazy Yiuf resists with significant effort.
Casting: Ensorcelled Hibernation (safe; 7% risk of failure)
Confirm with . or Enter, or press ? or * to list all spells.
Aiming: Ensorcelled Hibernation (safe; 7% risk of failure)
Press: ? - help, Shift-Dir - straight line, f/p - Crazy Yiuf
Aim: Crazy Yiuf, wielding a +4 quarterstaff of chaos and wearing a +0 cloak (chance to affect: 56%) Crazy Yiuf resists with significant effort.
Casting: Ensorcelled Hibernation (safe; 7% risk of failure)
Confirm with . or Enter, or press ? or * to list all spells.
Aiming: Ensorcelled Hibernation (safe; 7% risk of failure)
Press: ? - help, Shift-Dir - straight line, f/p - Crazy Yiuf
Aim: Crazy Yiuf, wielding a +4 quarterstaff of chaos and wearing a +0 cloak (chance to affect: 56%) Crazy Yiuf looks drowsy...
The helpless Crazy Yiuf fails to defend himself.
You impale Crazy Yiuf!!
Crazy Yiuf is almost dead.
Crazy Yiuf says, "Crazy?
Crazy!?
PORCUPINE!"
Crazy Yiuf hits you with a +4 quarterstaff of chaos!
Crazy Yiuf burns you.
You hit Crazy Yiuf but do no damage.
Crazy Yiuf is almost dead.
Crazy Yiuf hits you with a +4 quarterstaff of chaos.
Crazy Yiuf burns you.
You barely miss Crazy Yiuf.
Crazy Yiuf is almost dead.
Crazy Yiuf cries, "Iron arm turtle!"
Crazy Yiuf hits you with a +4 quarterstaff of chaos!
Ouch! That really hurt!
You die...

#.# #.# ### #.# ..# #### #.#
#.#####..# #######.# #........#
#....#... #######..# ###
#######..... # #### #)..###
##..#....#...
#...g@####......#.....
#...##..#......####..# ### ###
###.#...### #..# #.. ####### #..#
# #.# ##... ## #.#######
########## ##.... .## ##.#..##.#
#.#.#.#..###.....
..####....###.###.#......##......
.)'......................†)......


You could see Crazy Yiuf.

Vanquished Creatures
  Jessica (D:2)
  2 adders (D:2)
  2 worms (D:2)
  4 dart slugs
  3 endoplasms
  A giant cockroach (D:1)
  5 goblins
  3 hobgoblins
  6 jackals (D:2)
  A kobold (D:1)
  A quokka (D:1)
  A ball python (D:2)
  2 bats
  2 frilled lizards
  A rat (D:1)
35 creatures vanquished.

Notes
Turn   | Place    | Note
-------+----------+-------------------------------------------
     0 | D:1      | EWolf27 the Vampire Enchanter began the quest for the Orb.
     0 | D:1      | Reached XP level 1. HP: 13/13 MP: 3/3
   249 | D:1      | Reached XP level 2. HP: 19/19 MP: 5/5
   252 | D:1      | Learned a level 2 spell: Ensorcelled Hibernation
  1229 | D:2      | Got the Encyclopedia of the Helpful Glacier
  1300 | D:2      | Noticed Jessica
  1307 | D:2      | Killed Jessica
  1308 | D:2      | Reached skill level 5 in Stealth
  1308 | D:2      | Reached skill level 5 in Hexes
  1308 | D:2      | Gained mutation: You are afflicted with vampirism and can
                  | become a bat while bloodless. [Vampire growth]
  1308 | D:2      | Reached XP level 3. HP: 24/24 MP: 3/6
  1627 | D:2      | Learned a level 3 spell: Confusing Touch
  1670 | D:2      | Reached XP level 4. HP: 31/31 MP: 7/7
  1755 | D:2      | Reached skill level 1 in Ice Magic
  1919 | D:2      | Found a runed translucent door.
  1920 | D:2      | Noticed Crazy Yiuf
  1929 | D:2      | Slain by Crazy Yiuf

Illustrated notes

Levels and vault maps discovered:
D:1:      heliophobic_arrival_glass_houses, layout_basic
D:2:      layout_loops_corners, basic_altar, uniq_jessica,
          uniq_crazy_yiuf_cottage

Skill      XL: |  1  2  3  4 |
---------------+-------------+-----
Stealth        | 5 |  5.7
Hexes          | 5 |  5.2
Ice Magic      | 1 |  1.1
Fighting       | |  0.3
Short Blades   | |  1.1
Dodging        | |  2.9
Spellcasting   | |  2.4

Action                     |  1- 3 |  4- 6 || total
---------------------------+-------+-------++-------
  Melee: Dagger            |    95 |    11 ||   106
         Bite              |    14 |       ||    14
         Punch             |     2 |       ||     2
   Cast: Ensorcelled Hiber |     2 |     5 ||     7
   Stab: Sleeping          |     6 |     8 ||    14
 Armour: Robe              |    19 |       ||    19
  Dodge: Dodged            |    49 |     1 ||    50
